 Dungeon Crawl Stone Soup version 0.29-a0-330-g52719c12eb (webtiles) character file.

Game seed: 3344746274467790141

224 tilp the Magician (level 6, -5/45 HPs)
             Began as a Djinni Hedge Wizard on Apr 30, 2022.
             Killed by nerve-wracking pain
             ... invoked by Menkaure
              (8 damage)
             ... on level 4 of the Dungeon.
             The game lasted 00:03:48 (3444 turns).

tilp the Magician (Djinni Hedge Wizard)             Turns: 3444, Time: 00:03:49

Health: -5/45      AC:  2    Str:  9    XL:     6   Next: 20%
Gold:   120        EV: 12    Int: 17    God:
                   SH:  0    Dex: 13

rFire   + + .      SeeInvis .   b - staff of conjuration
rCold   x . .      Faith    .   (no shield)
rNeg    . . .      Spirit   .   m - +0 robe
rPois   ∞          Reflect  .   c - +0 hat
rElec   .          Harm     .   (no cloak)
rCorr   +          Rampage  .   (no gloves)
Will    .....                   (boots unavailable)
Stlth   ++........              (no amulet)
HPRegen 0.15/turn               k - ring of resist corrosion
MPRegen 0.00/turn               (no ring)

@: flying
A: sickness immunity, fire resistance 2, cold vulnerability 1, float, innate
caster, HP casting, extra vitality 1
a: no special abilities


You were on level 4 of the Dungeon.
You visited 1 branch of the dungeon, and saw 4 of its levels.

You collected 120 gold pieces.

Inventory:

Hand Weapons
 a - a +0 whip of flaming
Missiles
 f - 86 stones
 l - 6 poisoned darts (quivered)
Armour
 c - a +0 hat (worn)
 m - a +0 robe (worn)
Magical Staves
 b - a staff of conjuration (weapon)
Jewellery
 k - a ring of resist corrosion (left hand)
Scrolls
 n - a scroll of teleportation
 o - a scroll of fear
 p - 2 scrolls of identify {unknown}
 q - a scroll of immolation {unknown}
Potions
 d - a potion of degeneration {unknown}
 e - a potion of haste {unknown}
 g - 5 potions of curing {unknown}
 h - a potion of heal wounds {unknown}
 i - a potion of mutation {unknown}
 j - 2 potions of flight {unknown}


   Skills:
 + Level 2.9 Fighting
 - Level 2.1 Dodging
 - Level 1.5 Stealth
 + Level 4.3 Spellcasting


You couldn't memorise any spells.
You knew the following spells:

 Your Spells              Type           Power      Damage    Failure   Level
a - Magic Dart            Conj           100%       1d8       2%          1
b - Blink                 Tloc           36%        N/A       3%          2
c - Call Imp              Summ           18%        N/A       3%          2
d - Slow                  Hex            72%        N/A       2%          1
e - Conjure Flame         Conj/Fire      27%        6-21      8%          3
f - Mephitic Cloud        Conj/Pois/Air  27%        N/A       8%          3
g - Sandblast             Erth           36%        2d10      2%          1
h - Corpse Rot            Necr/Air       36%        N/A       3%          2
Your spell library was empty.

Dungeon Overview and Level Annotations

Branches:
Dungeon (4/15)
 Temple: D:4-7

Altars:

Annotations:
D:3 1 runed translucent door, Crazy Yiuf, Sigmund
D:4 exclusion: orc warrior, Menkaure


Innate Abilities, Weirdness & Mutations

You are immune to sickness and miasma.
You are immune to poison.
Your flesh is very heat resistant. (rF++)
You are vulnerable to cold. (rC-)
You float through the air rather than walking.
You learn spells naturally, not from books.
Your magical power is your life essence.
You have superior vitality. (+4 MHP)


Message History

Menkaure is heavily damaged.
f - 89 stones
* * * LOW HITPOINT WARNING * * *
Casting: Sandblast (safe; 2% risk of failure)
Confirm with . or Enter, or press ? or * to list all spells.
Aiming: Sandblast (safe; 2% risk of failure)
Press: ? - help, Shift-Dir - straight line, f/p - Menkaure
Aim: Menkaure (heavily damaged, 90% to hit)
The blast of sand hits Menkaure but does no damage.
Menkaure is heavily damaged.
f - 88 stones
* * * LOW HITPOINT WARNING * * *
Menkaure casts a spell at you. Pain shoots through your body!
* * * LOW HITPOINT WARNING * * *
Casting: Sandblast (safe; 2% risk of failure)
Confirm with . or Enter, or press ? or * to list all spells.
Aiming: Sandblast (safe; 2% risk of failure)
Press: ? - help, Shift-Dir - straight line, f/p - Menkaure
Aim: Menkaure (heavily damaged, 90% to hit)
The blast of sand hits Menkaure.
Menkaure is severely damaged.
f - 87 stones
* * * LOW HITPOINT WARNING * * *
Menkaure calls on the powers of darkness!
Your body is wracked with pain!
* * * LOW HITPOINT WARNING * * *
Casting: Sandblast (safe; 2% risk of failure)
Confirm with . or Enter, or press ? or * to list all spells.
Aiming: Sandblast (safe; 2% risk of failure)
Press: ? - help, Shift-Dir - straight line, f/p - Menkaure
Aim: Menkaure (severely damaged, 90% to hit)
The blast of sand hits Menkaure.
Menkaure is almost destroyed.
f - 86 stones
* * * LOW HITPOINT WARNING * * *
Menkaure hums a few words.
Menkaure gestures at you while chanting.
Pain shoots through your body!
You die...

##.#......# #.#......#
#.#'###### #. #....#
#.##....#######
#.##....#.....#
#.##....#Mo...+
#.##....#.....#
#.##.#@##.o...#
##.###.##.#M##.....#
#.................#
######.#####################
#.........................
##########################


You could see Menkaure.

Vanquished Creatures
  A scorpion (D:4)
  Jessica (D:3)
  An iguana (D:3)
  An orc wizard (D:4)
  6 adders
  A worm (D:2)
  A dart slug (D:2)
  2 orcs (D:4)
  6 bats
  3 endoplasms
  3 goblins
  A hobgoblin (D:2)
  A quokka (D:1)
  3 ball pythons
  A frilled lizard (D:1)
  3 kobolds
  4 rats
39 creatures vanquished.

Vanquished Creatures (others)
  A fungus (D:3)
1 creature vanquished.

Grand Total: 40 creatures vanquished

Notes
Turn   | Place    | Note
-------+----------+-------------------------------------------
     0 | D:1      | tilp the Djinni Hedge Wizard began the quest for the Orb.
     0 | D:1      | Reached XP level 1. HP: 15/15 MP: 0/0
   731 | D:1      | Reached XP level 2. HP: 18/21 MP: 0/0
  1558 | D:2      | Reached skill level 3 in Spellcasting
  1613 | D:2      | Reached XP level 3. HP: 15/26 MP: 0/0
  1613 | D:2      | Learned a level 1 spell: Sandblast
  1789 | D:2      | Reached skill level 1 in Fighting
  2095 | D:3      | Reached XP level 4. HP: 13/33 MP: 0/0
  2571 | D:3      | Found a faded altar of an unknown god.
  2578 | D:3      | Noticed Sigmund
  2680 | D:3      | Noticed Jessica
  2683 | D:3      | Killed Jessica
  2684 | D:3      | Reached XP level 5. HP: 35/38 MP: 0/0
  2684 | D:3      | Learned a level 2 spell: Corpse Rot
  2793 | D:3      | Reached skill level 4 in Spellcasting
  2842 | D:3      | Found a runed translucent door.
  2843 | D:3      | Noticed Crazy Yiuf
  3221 | D:4      | Reached XP level 6. HP: 42/45 MP: 0/0
  3315 | D:4      | Noticed an orc warrior
  3427 | D:4      | Noticed Menkaure
  3444 | D:4      | Killed from afar by Menkaure

Illustrated notes

Levels and vault maps discovered:
D:1:      eino_arrival_cavern_a, layout_loops_ring
D:2:      layout_rooms, chequers_serial_rivers_room_b,
          chequers_serial_rivers_micro_e
D:3:      layout_basic, chequers_ecumenical_altar_twisty,
          hangedman_decor_peaks_small, uniq_jessica, uniq_sigmund,
          uniq_crazy_yiuf_cottage
D:4:      layout_basic, yredelemnul_forgotten_temple_becter,
          minmay_temple_entry_junction, roderic_batcave, grunt_ministairs_10,
          uniq_menkaure

Skill      XL: |  1  2  3  4  5 |
---------------+----------------+-----
Spellcasting   | 3 4 |  4.3
Fighting       | 1 2 |  2.9
Dodging        | |  2.1
Stealth        | |  1.5

Action                   |  1- 3 |  4- 6 || total
-------------------------+-------+-------++-------
Melee: Dagger            |     2 |       ||     2
 Cast: Magic Dart        |    56 |    26 ||    82
       Sandblast         |     5 |    20 ||    25
       Blink             |     1 |       ||     1
       Corpse Rot        |       |     1 ||     1
  Use: Scroll            |     3 |     1 ||     4
Armor: Robe              |     4 |       ||     4
Dodge: Dodged            |     9 |     3 ||    12

Table legend: (Time is in decaauts)
 A = Elapsed time spent in this place.
 B = Non-inter-level travel time spent in this place.
 C = Inter-level travel time spent in this place.
 D = Time resting spent in this place.
 E = Time spent auto-exploring this place.
 F = Levels seen in this place.
 G = Mean time per level.
                   A        B        C        D        E       F      G
               +--------+--------+--------+--------+--------+-----+--------+
         Total |   3441 |   3398 |     43 |    103 |   3048 |   4 |  860.2 |
       Dungeon |   3441 |   3398 |     43 |    103 |   3048 |   4 |  860.2 |
               +--------+--------+--------+--------+--------+-----+--------+

Top non-repeatable levels by time:
     D:1: 1208 daAuts
     D:3: 1017 daAuts
     D:2: 851 daAuts
     D:4: 363 daAuts
